AoeStats
← Tchitchi d'Afflelou

African Clearing

510401834Analyzed
4v4 RM · 3d ago on Sep 30, 2026· 41m 37s· 8 players
Game mode
Random Map
Map size
Large (8 player)
Population
200
Speed
Normal
Resources
Standard
Victory
Conquest
Starting age
Dark Age
Ending age
Imperial Age
RankedLock teamsTeams togetherTeam positionsShared explorationLock speedFull tech treeHidden civsTurbo modeCheats
Victory
Defeat
🇪🇸 Chinese · Spain
1503
+14
🇩🇪 Cumans · Germany
1495
+14
🇧🇷 Saxons · Brazil
1485
+15
🇮🇳 Goths · India
1421
+16
🇩🇪 Burmese · Germany
1482
-16
🇫🇷 Malians · France
1449
-15
🇩🇪 Koreans · Germany
1440
-14
🇩🇪 Italians · Germany
1438
-14
Tchitchi d'Afflelou
12:55 Feudal Age
13:07 Man-at-Arms
13:45 Double-Bit Axe
13:51 Loom
39:28 Castle Age
38:44 Gold Mining
Ficki-T-E
9:53 Loom
12:27 Feudal Age
21:19 Fletching
25:51 Castle Age
26:32 Bodkin Arrow
34:41 Ballistics
34:15 Double-Bit Axe
JuraRox
6:17 Loom
18:35 Feudal Age
21:39 Feudal Age
22:11 Horse Collar
25:15 Castle Age
24:31 Stone Mining
33:15 Wheelbarrow
32:53 Heavy Plow
32:55 Town Watch
34:16 Hand Cart
34:21 Gold Mining
36:06 Gold Shaft Mining
40:05 Imperial Age
37:36 Town Patrol
38:35 Scale Barding Armor
38:40 Forging
39:11 Bloodlines
39:01 Husbandry
rikardo_latino
3:12 Loom
12:00 Feudal Age
12:43 Double-Bit Axe
18:10 Castle Age
19:40 Bow Saw
19:31 Stone Mining
19:32 Gold Mining
21:03 Town Watch
24:40 Wheelbarrow
30:49 Imperial Age
32:31 Fletching
32:42 Padded Archer Armor
35:32 Chemistry
36:30 Ballistics
hcenemod
3:25 Loom
13:28 Feudal Age
17:48 Castle Age
17:43 Double-Bit Axe
27:08 Wheelbarrow
27:52 Stone Mining
30:10 Fletching
30:28 Padded Archer Armor
37:03 Imperial Age
36:14 Gold Mining
37:40 Gold Shaft Mining
37:41 Stone Shaft Mining
38:28 Conscription
38:25 Bow Saw
38:46 Hand Cart
39:48 Chemistry
40:12 Two-Man Saw
40:32 Leather Archer Armor
40:13 Bodkin Arrow
40:56 Horse Collar
42:08 Ring Archer Armor
41:44 Heavy Plow
Darealown
5:29 Loom
28:37 Feudal Age
29:25 Double-Bit Axe
32:08 Castle Age
31:08 Horse Collar
33:29 Bow Saw
33:29 Heavy Plow
35:40 Gold Mining
35:41 Stone Mining
37:52 Scale Barding Armor
39:05 Wheelbarrow
40:20 Chain Barding Armor
42:02 Hand Cart
GAX | Soldado_Medeiros
6:45 Loom
11:29 Feudal Age
15:41 Castle Age
15:22 Double-Bit Axe
16:44 Bow Saw
23:36 Horse Collar
24:32 Town Watch
25:27 Wheelbarrow
28:59 Scale Mail Armor
30:21 Squires
30:57 Arson
31:29 Chain Mail Armor
34:52 Imperial Age
32:47 Forging
33:00 Fletching
33:51 Gambesons
34:58 Iron Casting
34:57 Shield Wall
35:59 Conscription
35:27 Shield Wall
35:29 Elite Hearth Troop
36:42 Plate Mail Armor
36:14 Capped Ram
38:38 Two-Man Saw
37:39 Heavy Plow
38:35 Siege Ram
40:07 Bodkin Arrow
40:40 Elite Varangian Guard
42:08 Bracer
RockAxe8716
3:26 Loom
13:02 Feudal Age
14:59 Man-at-Arms
16:55 Double-Bit Axe
16:56 Horse Collar
20:41 Fletching
29:14 Castle Age
32:12 Wheelbarrow
Connection lost

Rejoining the realm…

Still unreachable

The connection could not be restored.

Session expired

The server has moved on; the page needs a fresh start.